Map: Abiogênese LE

Players

Utred - Winner!

  • Race: Terran Terran
  • League: Gold
  • Spawn Location: 11:00

IagoAbreu

  • Race: Zerg Zerg
  • League: Silver
  • Spawn Location: 5:00

VOD

Have the link to the VOD?

Description

Time

  • Played on: Feb. 24, 2018, 9:14 p.m.
  • Length: 5:49
Show
View Real Time Build Order
Export as new Build Order

Utred Terran - Winner!

Build Orders:  

Get SALT Encoding   

  12  0:02  SCV  
  13  0:14  SCV  
  14  0:21  Supply Depot  
  14  0:26  SCV  
  15  0:32  Refinery  
  15  0:46  Barracks  
  15  0:47  SCV  
  16  1:04  Supply Depot  
  16  1:08  Refinery  
  16  1:09  SCV  
  17  1:21  SCV  
  18  1:38  Factory  
  19  1:40  SCV  
  19  1:49  Barracks Reactor  
  19  1:52  SCV  
  20  2:05  Orbital Command  
  20  2:24  Factory Reactor  
  20  2:29  Armory  
  20  2:33  Marine x2  
  22  2:40  SCV  
  23  2:46  Supply Depot  
  23  2:52  Marine x2  
  25  3:02  Cyclone x2  
  31  3:14  Marine x2  
  33  3:35  Marine x2, Hellbat x2  
  39  3:43  Supply Depot  
  39  4:05  Marine x2, Cyclone, Hellbat  
  44  4:23  Marine x2  
  46  4:36  Supply Depot  
  46  4:54  Hellbat  
  46  4:57  Cyclone  
  49  5:02  Marine x2  
Show
View Real Time Build Order
Export as new Build Order

IagoAbreu Zerg 

Build Orders: Hatch First 

Get SALT Encoding   

  12  0:08  Overlord  
  12  0:16  Drone  
  12  0:17  Drone  
  14  0:46  Drone  
  15  0:53  Hatchery  
  15  0:56  Extractor  
  13  0:58  Drone  
  14  1:10  Spawning Pool  
  13  1:14  Drone  
  15  1:18  Drone  
  15  1:24  Drone  
  16  1:28  Drone  
  17  1:36  Overlord  
  17  1:46  Drone  
  18  1:53  Evolution Chamber  
  17  1:58  Queen  
  17  2:01  Drone  
  20  2:10  Drone  
  21  2:15  Drone  
  21  2:21  Metabolic Boost  
  22  2:28  Extractor  
  21  2:38  Spine Crawler  
  21  2:39  Spine Crawler  
  20  2:48  Spine Crawler  
  19  3:00  Drone x3  
  19  3:02  Queen  
  19  3:04  Drone  
  25  3:07  Drone  
  25  3:10  Drone  
  27  3:16  Drone  
  28  3:27  Zergling x6  
  31  3:37  Drone x2  
  31  3:39  Drone  
  34  3:44  Zerg Melee Weapons Level 1  
  33  4:14  Hatchery  
  33  4:15  Zergling x4  
  33  4:16  Zergling x8  
  36  4:20  Overlord  
  36  4:24  Overlord  
  34  4:54  Zergling x4  
  34  4:55  Zergling x2  
  33  5:24  Spawning Pool  
Tags
 
Add a new tag
Caveats
  • Supply blocks, unpowered buildings, or Contaminate may cause inaccurate times.
  • Supply counts are checked every 10 seconds.